Map: [TLMC19] Insomniac Doze

Players

ShoWTimE - Winner!

  • Race: Protoss Protoss
  • League: Master
  • Spawn Location: 11:00

Spirit (souL)

  • Race: Terran Terran
  • League: Master
  • Spawn Location: 5:00

VOD

Have the link to the VOD?

Description

Time

  • Played on: Dec. 21, 2023, 10:01 a.m.
  • Length: 18:11
Show
View Real Time Build Order
Export as new Build Order

ShoWTimE Protoss - Winner!

Build Orders: 1 Gate Expand, Oracle Opening, Zealot Archon 

Get SALT Encoding   

  12  0:00  Probe  
  13  0:12  Probe  
  14  0:16  Pylon  
  14  0:24  Probe  
  15  0:35  Gateway  
  15  0:36  Probe (Chrono Boost)  
  16  0:46  Assimilator, Probe (Chrono Boost)  
  17  0:51  Probe (Chrono Boost)  
  18  1:03  Probe  
  19  1:15  Probe  
  20  1:21  Nexus  
  20  1:30  Cybernetics Core  
  20  1:34  Probe  
  21  1:40  Assimilator  
  21  1:46  Probe  
  22  1:48  Pylon  
  22  1:58  Probe  
  23  2:04  Adept (Chrono Boost)  
  25  2:10  Probe  
  26  2:18  Stargate  
  26  2:22  Probe  
  27  2:24  Adept (Chrono Boost)  
  29  2:33  Warp Gate  
  29  2:34  Probe  
  29  2:35  Probe  
  31  2:46  Probe (Chrono Boost)  
  31  2:47  Adept  
  31  2:48  Probe (Chrono Boost)  
  36  2:58  Probe (Chrono Boost)  
  36  3:03  Oracle (Chrono Boost)  
  36  3:04  Probe (Chrono Boost)  
  40  3:06  Probe (Chrono Boost)  
  40  3:09  Pylon  
  40  3:11  Probe  
  42  3:14  Probe  
  42  3:15  Gateway  
  43  3:20  Gateway  
  43  3:23  Probe  
  44  3:27  Probe  
  45  3:35  Probe  
  45  3:38  Oracle (Chrono Boost), Pylon  
  45  3:39  Probe  
  46  3:47  Probe  
  47  3:51  Probe  
  48  3:59  Probe  
  48  4:00  Nexus  
  49  4:03  Probe  
  49  4:07  Assimilator  
  49  4:09  Assimilator  
  50  4:11  Probe  
  50  4:16  Probe  
  52  4:22  Forge  
  52  4:23  Twilight Council, Probe  
  53  4:26  Stalker  
  53  4:27  Stalker  
  57  4:32  Stalker  
  57  4:34  Probe  
  57  4:36  Probe  
  61  4:46  Pylon  
  61  4:47  Probe  
  61  4:50  Charge  
  62  4:53  Protoss Ground Armor Level 1 (Chrono Boost)  
  62  5:04  Probe x2 (Chrono Boost)  
  62  5:06  Robotics Facility  
  64  5:12  Gateway x2  
  67  5:14  Probe x2 (Chrono Boost)  
  67  5:16  Probe (Chrono Boost)  
  69  5:21  Probe x2 (Chrono Boost)  
  69  5:24  Probe (Chrono Boost)  
  69  5:25  Gateway  
  70  5:32  Templar Archives  
  70  5:33  Probe (Chrono Boost)  
  70  5:34  Probe (Chrono Boost)  
  70  5:35  Probe (Chrono Boost)  
  73  5:38  Probe (Chrono Boost)  
  73  5:42  Gateway  
  74  5:43  Probe x2  
  74  5:48  Gateway  
  74  5:49  Pylon x2  
  76  5:51  Probe  
  76  5:52  Assimilator  
  76  5:55  Probe x2  
  80  5:57  Assimilator  
  80  6:00  Observer  
  80  6:02  Pylon  
  80  6:03  Probe  
  81  6:05  Zealot, Sentry  
  81  6:07  Probe x2  
  81  6:10  Psionic Storm  
  87  6:14  High Templar  
  87  6:15  Probe  
  87  6:17  High Templar  
  92  6:19  Blink, Pylon, Probe  
  92  6:25  Nexus  
  93  6:27  Pylon  
  93  6:29  Warp Prism  
  93  6:32  High Templar  
  97  6:40  Pylon  
  97  6:43  Protoss Ground Weapons Level 1 (Chrono Boost)  
  97  6:49  Zealot x5  
  107  7:00  Probe x3  
  110  7:03  High Templar  
  113  7:08  Zealot x2, Observer  
  113  7:13  Pylon  
  113  7:14  Zealot x4, Pylon  
  113  7:15  Zealot  
  124  7:25  Gateway, Robotics Facility  
  124  7:26  Gateway, Robotics Bay  
  124  7:28  Zealot  
  126  7:34  Observer, Probe  
  126  7:35  Probe x2  
  130  7:40  Probe  
  130  7:42  Shield Battery  
  131  7:50  Gateway, High Templar  
  131  7:51  Zealot x6, High Templar  
  135  7:54  Probe x2  
  135  7:56  Archon  
  135  7:58  Photon Cannon  
  149  8:03  Pylon  
  149  8:06  Forge, Pylon  
  149  8:13  Colossus (Chrono Boost)  
  149  8:14  Probe  
  149  8:15  Probe x2, Colossus (Chrono Boost)  
  163  8:30  Stalker x5, Zealot x3  
  179  8:38  Photon Cannon  
  179  8:39  Photon Cannon  
  179  8:42  Shield Battery, Extended Thermal Lance (Chrono Boost), Pylon  
  179  8:53  Protoss Ground Armor Level 2 (Chrono Boost)  
  179  8:56  Assimilator  
  179  8:59  Assimilator  
  179  9:01  Photon Cannon  
  179  9:03  Photon Cannon  
  179  9:07  Protoss Ground Weapons Level 2 (Chrono Boost)  
  175  9:19  Zealot x6  
  187  9:37  Observer  
  184  9:38  Zealot x2  
  184  9:43  Pylon  
  188  9:51  Nexus  
  188  9:53  Colossus (Chrono Boost)  
  188  9:55  Pylon x2  
  188  9:58  Colossus (Chrono Boost)  
  186  10:04  Zealot x6  
  196  10:09  Pylon  
  196  10:15  Gateway  
  196  10:17  Gateway  
  196  10:21  Shield Battery  
  180  10:22  Shield Battery, Zealot x5  
  180  10:24  Pylon  
  180  10:27  Zealot x5  
  161  10:39  Zealot  
  161  10:40  Disruptor  
  166  10:42  Probe  
  166  10:43  Probe x2  
  166  10:44  Shield Battery, Probe, Disruptor  
  166  10:47  High Templar x8  
  189  10:52  Archon x2  
  189  10:53  Archon  
  189  10:54  Protoss Ground Armor Level 3 (Chrono Boost), Archon  
  189  10:56  Stalker x2  
  193  11:04  Protoss Ground Weapons Level 3 (Chrono Boost)  
  193  11:08  Zealot  
  191  11:18  Disruptor  
  191  11:24  Photon Cannon  
  195  11:26  Photon Cannon  
  195  11:27  Photon Cannon  
  179  11:35  Disruptor  
  151  11:44  Zealot x8  
  151  11:45  Zealot x5  
  163  11:54  Disruptor  
  163  11:55  Photon Cannon  
  163  11:56  Fleet Beacon  
  163  11:59  Stargate  
  167  12:04  High Templar  
  167  12:06  Assimilator  
  167  12:08  Zealot x12  
  189  12:13  Protoss Air Weapons Level 1  
  189  12:15  Assimilator  
  193  12:17  Warp Prism  
  195  12:32  Pylon  
  187  12:41  Nexus  
  183  12:47  Photon Cannon  
  183  12:49  Photon Cannon  
  183  12:50  Stalker x6  
  183  12:51  Shield Battery, Stalker x2  
  199  12:55  Photon Cannon  
  199  12:57  Shield Battery  
  199  12:59  Pylon  
  199  13:03  Archon  
  199  13:09  Gravitic Drive (Chrono Boost)  
  197  13:18  High Templar x3  
  169  13:32  Disruptor x2  
  147  13:35  Archon  
  147  13:37  Zealot x10  
  139  13:58  Zealot x4  
  139  13:59  Zealot x9  
  129  14:06  Disruptor (Chrono Boost)  
  129  14:09  Stalker x6  
  139  14:10  Zealot x7  
  139  14:15  Disruptor (Chrono Boost), Probe x2, Protoss Shields Level 1 (Chrono Boost)  
  139  14:16  Probe  
  154  14:18  Unknown  
  148  14:31  Observer  
  136  14:32  Robotics Facility  
  136  14:35  High Templar x2  
  136  14:36  High Templar x2  
  146  14:42  Pylon  
  146  14:44  Colossus (Chrono Boost)  
  150  14:51  High Templar  
  150  14:52  Zealot x7, High Templar  
  162  14:53  Colossus (Chrono Boost)  
  168  15:07  Photon Cannon  
  168  15:09  Photon Cannon  
  168  15:12  Stalker x7  
  168  15:13  Stalker, Zealot x2  
  184  15:26  Warp Prism (Chrono Boost)  
  192  15:29  Colossus (Chrono Boost)  
  192  15:34  Colossus  
  192  15:41  Observer  
  198  15:45  Nexus  
  182  15:57  Archon, Flux Vanes  
  182  16:02  Pylon  
  181  16:05  Stalker x4  
  181  16:10  Void Ray (Chrono Boost)  
  187  16:28  Zealot x6  
  198  16:52  Zealot  
  198  16:53  Zealot x3  
  200  16:55  Zealot x2  
  200  16:57  Zealot x4  
  200  17:00  Zealot x3  
  174  17:09  Tempest  
  174  17:13  Stalker x4  
  174  17:15  Void Ray, Probe  
  188  17:16  Probe x2  
  188  17:21  Stalker x6  
  197  17:29  Probe x3  
  200  17:36  Stalker x2  
Show
View Real Time Build Order
Export as new Build Order

Spirit Terran 

Build Orders: Cyclone Opening, Reaper Expand 

Get SALT Encoding   

  12  0:00  SCV  
  13  0:12  SCV  
  14  0:16  Supply Depot  
  14  0:26  SCV  
  15  0:39  SCV  
  15  0:40  Barracks  
  16  0:43  Refinery  
  16  0:51  SCV  
  17  1:03  SCV  
  18  1:15  SCV  
  19  1:27  Reaper  
  19  1:28  Orbital Command  
  20  1:45  Command Center  
  20  1:52  Supply Depot  
  20  1:54  SCV  
  20  1:59  Marine  
  22  2:06  SCV  
  23  2:09  Factory  
  23  2:18  SCV  
  23  2:21  Barracks Reactor  
  24  2:30  SCV  
  25  2:39  Command Center  
  25  2:43  SCV  
  26  2:53  Cyclone  
  26  2:56  SCV  
  26  2:57  Orbital Command  
  28  3:00  Marine  
  29  3:05  Marine  
  29  3:08  SCV  
  31  3:13  Barracks  
  31  3:18  Refinery  
  31  3:22  SCV  
  31  3:23  SCV  
  31  3:26  Cyclone  
  35  3:32  Marine  
  36  3:34  SCV  
  36  3:35  SCV  
  36  3:38  Marine  
  38  3:46  SCV  
  39  3:49  Barracks  
  39  3:50  SCV, Marine  
  39  3:53  Orbital Command  
  41  3:59  SCV, Factory Tech Lab  
  41  4:00  Marine  
  41  4:02  Barracks Tech Lab, SCV  
  44  4:07  Marine  
  45  4:11  SCV  
  45  4:14  SCV, Engineering Bay  
  47  4:19  Cyclone, Marine  
  47  4:20  SCV  
  47  4:23  SCV  
  52  4:26  SCV, Marine  
  52  4:28  Stimpack  
  52  4:31  Supply Depot, Marine  
  54  4:34  SCV  
  54  4:37  Barracks Tech Lab  
  56  4:39  Refinery  
  49  4:47  SCV  
  49  4:48  Bunker  
  49  4:50  Starport  
  48  4:53  Siege Tank  
  48  4:54  Marine x2  
  48  4:56  Marine  
  48  4:59  Missile Turret  
  54  5:01  SCV  
  54  5:03  Marine  
  55  5:07  Supply Depot, Combat Shield  
  55  5:09  Orbital Command  
  55  5:14  Barracks  
  55  5:15  Barracks  
  55  5:16  SCV  
  55  5:19  SCV  
  55  5:21  Terran Infantry Weapons Level 1  
  57  5:26  Refinery  
  57  5:28  SCV  
  57  5:29  Starport Reactor  
  57  5:31  SCV  
  60  5:38  Supply Depot  
  60  5:40  SCV  
  60  5:41  Siege Tank  
  63  5:43  SCV  
  63  5:44  Marauder  
  63  5:45  Marine, Marauder  
  63  5:47  Starport Reactor  
  63  5:48  Marine  
  70  5:53  SCV  
  70  5:56  SCV  
  72  6:00  Supply Depot x2  
  72  6:03  Marine  
  73  6:04  Barracks Tech Lab, Barracks Reactor  
  73  6:05  SCV  
  73  6:06  Marauder  
  73  6:07  Marauder  
  73  6:08  SCV  
  73  6:10  Marine  
  80  6:17  SCV  
  81  6:20  SCV  
  81  6:21  Marine  
  81  6:24  Marauder  
  84  6:25  Factory Reactor  
  84  6:27  Supply Depot, Marauder, Medivac  
  84  6:28  Orbital Command, Marine, Marauder  
  84  6:29  SCV  
  84  6:30  Medivac  
  94  6:38  Marine  
  95  6:41  Marine  
  95  6:43  Marine  
  95  6:45  Marauder  
  95  6:46  Marine  
  100  6:49  Marauder x2  
  100  6:50  Supply Depot  
  100  6:51  Concussive Shells  
  100  6:52  Supply Depot  
  100  6:54  SCV x2  
  106  6:59  Marine  
  107  7:02  Marine  
  109  7:08  SCV  
  109  7:13  Supply Depot  
  109  7:17  SCV x2, Marauder x3, Medivac x2  
  109  7:19  Marine  
  109  7:22  SCV, Marine  
  124  7:23  Marine  
  124  7:25  Widow Mine x2  
  124  7:29  Marine  
  131  7:30  Refinery  
  131  7:31  Refinery  
  131  7:34  SCV  
  131  7:36  Marine  
  134  7:38  Marauder x3, Bunker  
  134  7:40  Ghost Academy, Terran Infantry Armor Level 1  
  134  7:42  SCV x2  
  140  7:47  SCV  
  141  7:55  Supply Depot  
  141  7:56  Supply Depot x2  
  141  7:58  Supply Depot  
  141  8:08  Supply Depot  
  141  8:17  SCV x3, Marine x2, Ghost x2, Widow Mine x2, Medivac x2  
  141  8:18  Marine  
  141  8:19  Ghost  
  161  8:30  Supply Depot, SCV  
  161  8:31  SCV, Marine  
  161  8:33  Supply Depot  
  160  8:39  Widow Mine x2  
  164  8:45  Ghost  
  164  8:47  Viking  
  168  8:52  Marine, Marauder  
  168  8:53  Supply Depot, Armory  
  168  8:54  Marine  
  168  8:55  Engineering Bay  
  172  9:00  Widow Mine  
  172  9:02  Marine  
  175  9:14  Marine, Marauder  
  175  9:16  Ghost, Command Center  
  180  9:19  Viking  
  180  9:20  Supply Depot  
  180  9:23  Viking  
  180  9:24  Marine  
  184  9:26  Marauder  
  184  9:28  SCV x2  
  189  9:32  Sensor Tower  
  189  9:33  SCV  
  189  9:38  Marauder  
  192  9:40  SCV  
  192  9:43  Terran Infantry Weapons Level 2  
  193  9:48  Terran Infantry Armor Level 2  
  193  9:51  SCV, Terran Ship Weapons Level 1  
  193  9:52  Marine  
  194  9:55  Marine  
  194  9:57  Marine  
  194  9:58  Marine  
  198  10:03  Marine, Viking  
  191  10:27  Marine, Marauder  
  175  10:32  Viking x2  
  175  10:33  SCV  
  176  10:36  SCV  
  176  10:37  SCV  
  176  10:38  Marine  
  176  10:39  Marauder  
  181  10:44  Barracks  
  181  10:45  SCV, Widow Mine x2  
  181  10:46  Barracks  
  181  10:48  SCV  
  181  10:49  SCV, Starport  
  188  10:53  Missile Turret  
  188  10:56  Barracks  
  188  10:57  SCV  
  188  10:59  Planetary Fortress  
  188  11:00  SCV  
  188  11:02  Medivac x2  
  188  11:03  Marauder  
  196  11:06  Widow Mine x2  
  200  11:12  Command Center  
  200  11:22  Fusion Core  
  200  11:28  Starport Reactor  
  187  11:35  Marine  
  187  11:39  Marine  
  138  11:41  Marine, Medivac x2  
  138  11:42  Marauder  
  136  11:47  Refinery  
  136  11:49  Terran Ship Weapons Level 2, Refinery, Sensor Tower  
  136  11:51  Barracks Tech Lab x2  
  136  11:52  Barracks Tech Lab, Command Center  
  134  11:57  Ghost  
  134  11:58  Marauder  
  138  12:03  Marauder  
  138  12:04  Widow Mine x2  
  138  12:06  Medivac x2  
  148  12:11  Viking x2  
  148  12:14  Advanced Ballistics  
  152  12:16  Marauder x2  
  152  12:19  Marauder  
  152  12:21  Marine x2, Marauder  
  162  12:23  Marine  
  162  12:25  Marauder  
  162  12:26  Marauder  
  167  12:34  Marine  
  166  12:38  Marauder x2  
  166  12:39  Marine x2  
  166  12:41  Marauder  
  166  12:43  Viking x4  
  177  12:51  Marauder  
  179  12:55  Terran Infantry Weapons Level 3  
  179  12:57  SCV x2  
  181  13:00  SCV  
  181  13:02  Marine, Marauder  
  185  13:06  Marine  
  185  13:10  Marine, Marauder  
  189  13:13  Viking x3  
  189  13:17  Marine  
  189  13:19  Marine  
  197  13:26  Marine, Marauder  
  177  13:28  Viking  
  177  13:30  Marine, Marauder  
  177  13:31  Marine  
  157  13:35  Marine  
  157  13:36  Marine  
  157  13:37  Marine  
  138  13:43  Medivac x3  
  138  13:45  Marine  
  138  13:47  Planetary Fortress  
  138  13:48  Marine, Marauder  
  139  13:50  Marine, Marauder  
  139  13:52  Marine  
  140  13:58  Medivac  
  140  14:01  Marine  
  140  14:02  SCV, Marauder x2  
  124  14:04  SCV x3  
  124  14:05  Marine  
  124  14:07  Marine  
  116  14:11  Marine  
  116  14:13  Medivac x3  
  116  14:14  SCV x2  
  116  14:16  SCV x2, Ghost  
  125  14:19  SCV  
  125  14:20  Marine  
  128  14:27  SCV  
  125  14:32  Marine, Marauder  
  125  14:35  Marine  
  125  14:36  Marauder  
  125  14:37  Marine, Ghost  
  133  14:41  SCV  
  133  14:43  Medivac x2  
  133  14:45  Ghost x2  
  138  14:46  Marine  
  138  14:48  Marine  
  138  14:52  Liberator  
  147  14:53  SCV, Liberator  
  147  14:55  Widow Mine  
  147  14:57  Marauder  
  147  14:58  Marine  
  152  15:01  Marauder  
  152  15:02  Marine  
  152  15:05  Marine  
  156  15:08  Marine  
  156  15:10  Marauder x2  
  156  15:12  Planetary Fortress  
  150  15:14  Marine  
  150  15:16  Liberator  
  150  15:20  Liberator  
  157  15:24  Marine  
  157  15:25  Marauder  
  157  15:26  Marauder  
  162  15:30  Refinery  
  162  15:32  Refinery, Widow Mine  
  162  15:33  Widow Mine  
  166  15:38  Liberator, Marine  
  166  15:39  Marauder  
  168  15:50  Marine  
  168  15:56  Marine x4, Marauder  
  168  15:57  Marauder x3  
  172  15:58  Orbital Command  
  172  16:02  Ghost  
  174  16:08  Marine  
  174  16:10  Liberator  
  178  16:14  Liberator  
  178  16:15  Marine  
  178  16:17  Marauder  
  183  16:22  Marauder x2  
  187  16:26  Marauder  
  187  16:29  Marauder  
  187  16:30  Marine  
  189  16:37  Marine  
  189  16:38  Marauder  
  189  16:39  Marine  
  194  16:40  Marauder  
  194  16:43  Liberator x2  
  200  16:53  Marine, Marauder  
  199  16:56  Marine  
  199  16:57  Marine, Marauder x2  
  199  16:59  Marine, Marauder x2  
  190  17:01  Marauder  
  190  17:06  Liberator  
  180  17:10  Marine  
  180  17:11  Liberator  
  180  17:14  Marine x2  
  186  17:15  Marine  
  186  17:16  SCV x2  
  186  17:17  Marine  
  186  17:20  Marine, Marauder  
  186  17:21  Marine  
  188  17:25  Liberator  
  188  17:26  Liberator  
  188  17:27  Marine, Marauder  
  188  17:28  Marine  
  198  17:33  Marauder  
  199  17:48  Marine, Marauder  
  199  17:50  Marine  
  189  17:52  Marine  
Tags
 
Add a new tag
Caveats
  • Supply blocks, unpowered buildings, or Contaminate may cause inaccurate times.
  • Supply counts are checked every 10 seconds.